 Dungeon Crawl Stone Soup version 0.31-a0-986-g5e6e4ef867 (webtiles) character file.

Game seed: 1039912092471194555

19706 gelatine the Cleaver (level 12, -1/91 HPs)
             Began as a Demonspawn Fighter on Nov 14, 2023.
             Slain by a titanic slime creature (70 damage)
             ... on level 12 of the Dungeon.
             The game lasted 00:38:01 (10783 turns).

gelatine the Cleaver (Demonspawn Fighter)          Turns: 10783, Time: 00:38:01

Health: -1/91      AC: 13    Str: 20    XL:     12   Next: 38%
Magic:  28/28      EV: 10    Int: 16    God:
Gold:   288        SH: 15    Dex: 14    Spells: 16/20 levels left

rFire   . . .        N - +6 shillelagh "Devastator" {shatter}
rCold   . . .        c - +0 buckler
rNeg    . . .        b - +0 chain mail of Broken Taboos {Rampage Regen+ MP+9 Int+2}
rPois   .            (no helmet)
rElec   .            (no cloak)
rCorr   .            g - +1 pair of gloves
SInv    +            (no boots)
Will    .....        i - amulet of reflection Stlth
                     p - +4 ring of slaying
HPRegen 1.15/turn    r - ring of see invisible
MPRegen 0.21/turn

%: reflection, rampage
@: no status effects
A: hooves 2, demonic guardian 1, big brain 2, condensation shield
a: no special abilities


You were on level 12 of the Dungeon.
You visited 2 branches of the dungeon, and saw 13 of its levels.

You collected 541 gold pieces.
You spent 253 gold pieces at shops.

Inventory:

Hand Weapons
 a - a +0 war axe of flaming
 L - a +5 spectral hand axe
 N - the +6 shillelagh "Devastator" (weapon) {shatter}
   (You found it on level 9 of the Dungeon)
 U - the +7 dagger of Obiter Dictum {drain, Str+3}
   (You found it on level 10 of the Dungeon)

   Str+3:     It affects your strength (+3).
Missiles
 f - 28 poisoned darts (quivered)
 v - 6 throwing nets
 D - a curare-tipped dart
 K - a boomerang
Armour
 b - the +0 chain mail of Broken Taboos (worn) {Rampage Regen+ MP+9 Int+2}
   (You found it on level 5 of the Dungeon)

   Int+2:     It affects your intelligence (+2).
   MP+9:      It affects your magic capacity (+9).
   Regen+:    It increases your rate of health regeneration.
   Rampage:   It bestows one free step when moving towards enemies.
 c - a +0 buckler (worn)
 g - a +1 pair of gloves (worn)
 l - the +1 robe of Budghoh {rElec rN+ Will+}
   (You found it on level 7 of the Dungeon)

   rElec:     It insulates you from electricity.
   rN+:       It protects you from negative energy.
   Will+:     It increases your willpower.
 F - +0 steam dragon scales
 J - a +0 troll leather armour
Jewellery
 i - an amulet of reflection (around neck)
 p - a +4 ring of slaying (left hand)
 q - a ring of magical power
 r - a ring of see invisible (right hand)
 w - a +6 ring of dexterity
Wands
 s - a wand of roots (1)
 H - a wand of mindburst (16)
 M - a wand of quicksilver (11)
 P - a wand of polymorph (6)
 Q - a wand of charming (2)
Scrolls
 j - 4 scrolls of vulnerability {unknown}
 k - a scroll of poison
 m - 3 scrolls of teleportation
 u - 3 scrolls of fog {unknown}
 y - 2 scrolls of noise
 A - a scroll of brand weapon
 B - 2 scrolls of blinking {unknown}
 C - 3 scrolls of revelation
 E - a scroll of enchant weapon
 G - a scroll of amnesia {unknown}
 I - 2 scrolls of immolation {unknown}
 R - a scroll of fear
 T - a scroll of identify
Potions
 d - 3 potions of might
 e - 3 potions of brilliance
 h - 3 potions of lignification
 n - 2 potions of mutation
 o - 3 potions of curing
 t - 2 potions of cancellation
 x - a potion of resistance
 z - 3 potions of heal wounds
 O - a potion of magic
 S - a potion of attraction
 V - a potion of invisibility {unknown}


   Skills:
 * Level 7.4 Fighting
 + Level 8.5(8.9) Axes
 + Level 3.6(6.5) Maces & Flails
 + Level 3.7 Throwing
 * Level 7.7 Armour
 * Level 5.6 Dodging
 + Level 4.5 Stealth
 * Level 7.3 Shields
 + Level 4.7 Spellcasting
 * Level 1.1 Translocations
 + Level 3.9 Transmutations
 + Level 3.8 Earth Magic
 + Level 4.2 Evocations


You had 16 spell levels left.
You knew the following spells:

 Your Spells              Type           Power      Damage    Failure   Level
a - Passwall              Tmut/Erth      13%        N/A       34%         2
b - Blink                 Tloc           14%        N/A       73%         2

Your spell library contained the following spells:

 Spells                   Type           Power      Damage    Failure   Level
 Lesser Beckoning         Tloc           14%        N/A       73%         2
 Kiss of Death            Conj/Necr      12%        2d6       75%         1
 Momentum Strike          Conj/Tloc      10%        3d8       80%         2
 Ensorcelled Hibernation  Hex/Ice        6%         N/A       87%         2
 Static Discharge         Conj/Air       6%         3-4/arc   87%         2
 Ignite Poison            Fire/Tmut/Pois 8%         N/A       90%         3
 Gell's Gravitas          Tloc           7%         N/A       91%         3
 Teleport Other           Tloc           7%         N/A       91%         3
 Volatile Blastmotes      Fire/Tloc      10%        2d10      95%         3
 Confusing Touch          Hex            3%         N/A       98%         3
 Dazzling Flash           Conj/Hex       6%         N/A       98%         3
 Summon Guardian Golem    Hex/Summ       3%         N/A       98%         3
 Swiftness                Air            3%         N/A       98%         3
 Airstrike                Air            1%         2d(1-17)  100%        4
 Dispel Undead            Necr           3%         3d7       100%        4
 Sticky Flame             Conj/Fire      3%         2d3       100%        4
 Summon Lightning Spire   Summ/Air       3%         N/A       100%        4
 Starburst                Conj/Fire      1%         6d3       100%        6
 Orb of Destruction       Conj           1%         9d5       100%        7
 Spellforged Servitor     Conj/Summ      1%         N/A       100%        7
 Ignition                 Fire           1%         3d3       100%        8
 Maxwell's Capacitive Co  Air            1%         ∞         100%        8


Dungeon Overview and Level Annotations

Branches:
Dungeon (12/15)            Temple (1/1) D:5            Lair (0/5) D:9
    Orc (0/2) D:11

Altars:
Ashenzari
Cheibriados
Dithmenos
Fedhas
Gozag
Hepliaklqana
Kikubaaqudgha
Makhleb
Nemelex Xobeh
Okawaru
Qazlal
Ru
Sif Muna
Trog
Uskayaw
Vehumet
Wu Jian
Xom
Yredelemnul

Shops:
D:1 *   D:3 *   D:6 ?   D:9 *   D:10 *   D:11 [

Annotations:
D:5 1 runed translucent door, FakeRyeBread's ghost, amateur TrFi


Innate Abilities, Weirdness & Mutations

You have hoof-like feet.
A weak demonic guardian rushes to your aid.
You have an extremely huge brain. (Int +4)
A meltable shield of frost defends you. (SH +4)


Message History

The large slime creature barely misses you.
The slime creature hits you.
The slime creature attacks as it pursues you!
You block the slime creature's attack.
Two slime creatures merge to form a very large slime creature.
You thump the very large slime creature!
The very large slime creatures shudder.
The very large slime creature is severely wounded.
The very large slime creature is lightly wounded.
The very large slime creature is severely wounded.
The very large slime creature closely misses you.
The very large slime creature completely misses you.
You hit the very large slime creature.
The very large slime creatures shudder.
The very large slime creature is severely wounded.
The very large slime creature is lightly wounded.
You kick the very large slime creature.
The very large slime creature is severely wounded.
A very large slime creature splits.
Unknown command.
You completely miss the very large slime creature.
You kick the very large slime creature!
The very large slime creature is severely wounded.
You block the very large slime creature's attack.
Two slime creatures merge to form a titanic slime creature.
The titanic slime creature attacks as it pursues you!
You block the titanic slime creature's attack.
There is an open door here.
The titanic slime creature attacks as it pursues you!
You block the titanic slime creature's attack.
Things that are here:
a vampire mosquito corpse; a yak corpse The titanic slime creature attacks as it pursues you!
You block the titanic slime creature's attack.
There is an open door, spattered with blood here.
The titanic slime creature attacks as it pursues you!
The titanic slime creature hits you!!
A demonic guardian appears!
The titanic slime creature attacks as it pursues you!
The titanic slime creature hits you!!!
Ouch! That really hurt!
You die...

#.# #.# #.## #..#
##+### #####'####
#....# #......J.###
#....# #...
#.......†'4#
#....######...
#.......†#J#
#....'...##...
+..).....#@#
#....###.##...
#........#.###....#
#.##...
#........#...'....#
#.##...
#........#####....#
#..#... #####+####
#....# ##.....
#....# ###...
#....# #### ###.##
# ..# ##


You could see a titanic slime creature (ally target) and a friendly rust devil
(summoned).

Vanquished Creatures
  Snorg (D:10)
  Harold (D:9)
  A hydra (D:11)
  5 two-headed ogres
  A boulder beetle (D:11)
  A cyclops (D:12)
  A manticore (D:11)
  2 gargoyles
  3 trolls
  A hornet (D:11)
  Prince Ribbit (D:7)
  A wraith (D:9)
  23 yaks
  A vampire (D:11)
  A hog (D:4)
  A basilisk (D:9)
  2 wyverns
  3 steam dragons
  6 vampire mosquitoes
  2 acid dragons
  4 water moccasins
  Duvessa (D:7)
  3 orc warriors
  3 ice beasts
  2 black bears
  2 ogres (D:6)
  A sky beast (D:5)
  6 centaurs
  3 phantoms
  5 kobold brigands
  5 bullfrogs
  3 scorpions
  10 wights
  Dowan (D:7)
  8 killer bees
  4 howler monkeys
  10 orc priests
  2 hounds
  A gnoll bouda (D:7)
  3 iron imps (D:9)
  Terence (D:2)
  5 iguanas
  11 orc wizards
  6 adders
  10 gnolls
  A shadow imp (D:7)
  6 ufetubi (D:6)
  2 worms
  A dart slug (D:2)
  38 orcs
  5 ball pythons
  4 bats
  8 endoplasms
  4 goblins
  4 hobgoblins
  3 jackals (D:4)
  5 quokkas
  4 frilled lizards
  27 kobolds
  3 rats (D:2)
283 creatures vanquished.

Vanquished Creatures (collateral kills)
  A two-headed ogre (D:9)
  A wyvern (D:8)
  A basilisk (D:9)
  An orc warrior (D:6)
  2 centaurs (D:8)
  A wight (D:7)
  An orc priest (D:4)
  An orc wizard (D:6)
9 creatures vanquished.

Grand Total: 292 creatures vanquished

Notes
Turn   | Place    | Note
-------+----------+-------------------------------------------
     0 | D:1      | gelatine the Demonspawn Fighter began the quest for the
                  | Orb.
     0 | D:1      | Reached XP level 1. HP: 18/18 MP: 1/1
   170 | D:1      | Found a faded altar of an unknown god.
   403 | D:1      | Gained mutation: You have large cloven feet. [demonic
                  | ancestry]
   403 | D:1      | Reached XP level 2. HP: 24/24 MP: 2/2
   638 | D:1      | Found Xoeli's General Store.
   646 | D:1      | Bought a potion of curing for 30 gold pieces
   884 | D:2      | Reached skill level 2 in Axes
   922 | D:2      | Noticed Terence
   933 | D:2      | Killed Terence
   934 | D:2      | Reached XP level 3. HP: 18/29 MP: 3/3
  1552 | D:2      | Reached XP level 4. HP: 29/35 MP: 4/4
  1822 | D:3      | Found Ocwaso's General Store.
  1838 | D:3      | Bought a scroll of identify for 28 gold pieces
  2072 | D:3      | Reached skill level 1 in Spellcasting
  2134 | D:3      | Reached skill level 3 in Axes
  2134 | D:3      | Reached skill level 1 in Dodging
  2135 | D:3      | Gained mutation: A weak demonic guardian rushes to your
                  | aid. [demonic ancestry]
  2135 | D:3      | Reached XP level 5. HP: 34/41 MP: 6/6
  2569 | D:4      | Gained mutation: You have an unusually large brain. (Int
                  | +2) [demonic ancestry]
  2569 | D:4      | Reached XP level 6. HP: 47/47 MP: 7/7
  2622 | D:4      | an ogre changed into a hog
  2622 | D:4      | Noticed a hog
  2628 | D:4      | Killed a hog
  2629 | D:4      | Reached skill level 4 in Axes
  2635 | D:4      | Reached XP level 7. HP: 24/53 MP: 9/9
  2935 | D:4      | Learned a level 2 spell: Passwall
  3284 | D:5      | Entered Level 5 of the Dungeon
  3288 | D:5      | Identified the +0 chain mail of Broken Taboos {Rampage
                  | Regen+ MP+9 Int+2}
  3320 | D:5      | Reached skill level 5 in Axes
  3320 | D:5      | Reached skill level 1 in Stealth
  3431 | D:5      | Gained mutation: You have an extremely huge brain. (Int +4)
                  | [demonic ancestry]
  3431 | D:5      | Reached XP level 8. HP: 60/60 MP: 11/11
  3506 | D:5      | Found a staircase to the Ecumenical Temple.
  3604 | Temple   | Entered the Ecumenical Temple
  3687 | D:5      | Reached skill level 1 in Transmutations
  3687 | D:5      | Reached skill level 1 in Earth Magic
  4069 | D:5      | Reached skill level 1 in Throwing
  4163 | D:5      | Found a runed translucent door.
  4163 | D:5      | Noticed FakeRyeBread's ghost (amateur TrFi)
  4309 | D:1      | Bought a scroll of identify for 20 gold pieces
  5105 | D:6      | Found Feocih's Magic Scroll Shop.
  5108 | D:6      | Bought a scroll of enchant weapon for 97 gold pieces
  5378 | D:6      | Reached skill level 1 in Evocations
  5381 | D:6      | Reached skill level 6 in Axes
  5582 | D:6      | Reached XP level 9. HP: 59/66 MP: 13/13
  5908 | D:6      | Noticed a gargoyle
  5936 | D:6      | Killed a gargoyle
  6534 | D:6      | Reached skill level 5 in Fighting
  6829 | D:6      | Found a radiant altar of Vehumet.
  7090 | D:7      | Noticed Duvessa
  7090 | D:7      | Noticed Dowan
  7141 | D:7      | Killed Duvessa
  7142 | D:7      | Reached skill level 5 in Armour
  7142 | D:7      | Reached skill level 5 in Shields
  7158 | D:7      | Killed Dowan
  7228 | D:7      | Identified the +1 robe of Budghoh {rElec rN+ Will+}
  7242 | D:7      | Noticed Prince Ribbit
  7258 | D:7      | Killed Prince Ribbit
  7298 | D:7      | Reached XP level 10. HP: 65/74 MP: 15/15
  7305 | D:7      | Reached skill level 7 in Axes
  7523 | D:7      | Found a broken altar of Ashenzari.
  8313 | D:9      | Noticed a two-headed ogre
  8313 | D:9      | Found the +6 shillelagh "Devastator" {shatter}
  8314 | D:9      | Noticed a gargoyle
  8316 | D:9      | Noticed a two-headed ogre
  8317 | D:9      | Noticed a two-headed ogre
  8321 | D:9      | Killed a two-headed ogre
  8326 | D:9      | Killed a two-headed ogre
  8329 | D:9      | Killed a two-headed ogre
  8332 | D:9      | Killed a gargoyle
  8333 | D:9      | Reached skill level 8 in Axes
  8431 | D:9      | Gained mutation: You have hoof-like feet. [demonic
                  | ancestry]
  8431 | D:9      | Reached XP level 11. HP: 74/81 MP: 17/17
  8486 | D:9      | Found a staircase to the Lair.
  8595 | D:9      | Noticed Harold
  8595 | D:9      | Noticed a two-headed ogre
  8676 | D:9      | Killed Harold
  8682 | D:9      | Killed a two-headed ogre
  8770 | D:9      | Reached skill level 1 in Maces & Flails
  8850 | D:9      | Found a burning altar of Makhleb.
  8967 | D:9      | Found Hesmunn's General Store.
  8970 | D:9      | Bought a scroll of identify for 26 gold pieces
  9371 | D:10     | Entered Level 10 of the Dungeon
  9374 | D:10     | Noticed a two-headed ogre
  9379 | D:10     | Noticed Snorg
  9482 | D:10     | Found Ytsucosi's General Store.
  9561 | D:10     | Bought a scroll of identify for 26 gold pieces
  9561 | D:10     | Bought a scroll of identify for 26 gold pieces
  9632 | D:10     | Found a hazy altar of Hepliaklqana.
  9645 | D:10     | Killed a two-headed ogre
  9646 | D:10     | Reached skill level 5 in Dodging
  9649 | D:10     | Killed Snorg
  9880 | D:10     | Identified the +7 dagger of Obiter Dictum {drain, Str+3}
 10065 | D:11     | Gained mutation: A meltable shield of frost defends you.
                  | (SH +4) [demonic ancestry]
 10065 | D:11     | Reached XP level 12. HP: 84/91 MP: 19/19
 10154 | D:11     | Noticed a six-headed hydra
 10163 | D:11     | Killed a six-headed hydra
 10242 | D:11     | Found Beteunt's Specialty Armours.
 10247 | D:11     | Found a staircase to the Orcish Mines.
 10285 | D:11     | Learned a level 2 spell: Blink
 10318 | D:11     | Noticed a two-headed ogre
 10327 | D:11     | Killed a two-headed ogre
 10485 | D:11     | Noticed a boulder beetle
 10507 | D:11     | Killed a boulder beetle
 10713 | D:12     | Reached skill level 1 in Translocations
 10783 | D:12     | Slain by a titanic slime creature

Illustrated notes

Levels and vault maps discovered:
D:1:      dpeg_arrival_erosion, layout_basic, shapermc_ecumenical_altar_venn,
          serial_shops, shop
D:2:      layout_loops_corners, chequers_serial_rivers_micro_d, st_stairs_4,
          solitary_fountain, minmay_distorted, uniq_terence
D:3:      layout_loops_ring, serial_shops, shop, kennysheep_small_spiral,
          hangedman_glass_teeth, glass_columns_a, grunt_decor_cap,
          due_unseen_surprise
D:4:      layout_basic, corexii_hall_statues_x
D:5:      layout_loops_ring, minmay_temple_entry_crystal_x,
          gammafunk_ghost_grave
D:6:      layout_basic, vehumet_crystals, serial_shops, nicolae_stop_n_shop_2
D:7:      layout_cave_pools, mainiacjoe_overflow_catwalk, uniq_prince_ribbit1,
          uniq_duvessa
D:8:      layout_rooms
D:9:      layout_stronghold, demons_altar, minmay_lair_entry_grove,
          serial_shops, shop, dilly_guarded_unrand_devastator, uniq_harold
D:10:     layout_cave_pools, mainiacjoe_overflow_tiny_flanked, serial_shops,
          nicolae_shop_crystal, hangedman_abyss_or_decor_passed, uniq_snorg
D:11:     layout_rooms, orc_0_dummy, nicolae_barding_shop
D:12:     layout_roguey, uniq_jorgrun
Temple:   dpeg_three_leaves_temple

Skill      XL: |  1  2  3  4  5  6  7  8  9 10 11 12 |
---------------+-------------------------------------+-----
Shields        | 3 4 5 6 7 |  7.3
Axes           | 2 3 4 5 6 8 |  8.5
Armour         | 3 4 5 6 7 |  7.7
Spellcasting   | 1 2 3 4 |  4.7
Dodging        | 1 2 3 4 5 |  5.6
Fighting       | 4 5 6 7 |  7.4
Stealth        | 1 2 3 4 |  4.5
Transmutations | 2 3 |  3.9
Earth Magic    | 1 2 3 |  3.8
Throwing       | 1 2 3 |  3.7
Evocations     | 1 2 3 4 |  4.2
Maces & Flails | 2 3 |  3.6
Translocations | 1 |  1.1

Action                     |  1- 3 |  4- 6 |  7- 9 | 10-12 || total
---------------------------+-------+-------+-------+-------++-------
  Melee: War axe           |    62 |    59 |   184 |       ||   305
         Unarmed           |     4 |       |       |       ||     4
         Kick              |     6 |    16 |    78 |   100 ||   200
         Hand axe          |       |       |    48 |   149 ||   197
         Shillelagh        |       |       |       |   148 ||   148
  Throw: Dart              |       |    15 |    54 |    81 ||   150
         Boomerang         |       |       |    13 |       ||    13
   Cast: Passwall          |       |       |     2 |       ||     2
  Evoke: Wand              |     1 |     2 |    38 |     1 ||    42
    Use: Scroll            |       |     8 |     5 |     7 ||    20
         Potion            |       |       |       |     1 ||     1
 Armour: Scale mail        |    12 |       |       |       ||    12
         Ring mail         |    26 |    28 |    42 |       ||    96
         Skin              |     1 |       |       |       ||     1
         Chain mail        |       |       |    32 |   240 ||   272
         Robe              |       |       |    14 |       ||    14
         Steam dragon scal |       |       |    44 |       ||    44
  Dodge: Dodged            |    29 |    29 |    93 |   106 ||   257
  Block: Buckler           |    37 |    29 |   121 |   189 ||   376
         Reflection        |     1 |     2 |     4 |     8 ||    15

Table legend: (Time is in decaauts)
 A = Elapsed time spent in this place.
 B = Non-inter-level travel time spent in this place.
 C = Inter-level travel time spent in this place.
 D = Time resting spent in this place.
 E = Time spent auto-exploring this place.
 F = Levels seen in this place.
 G = Mean time per level.
                   A        B        C        D        E       F      G
               +--------+--------+--------+--------+--------+-----+--------+
         Total |  10884 |   9726 |   1158 |      0 |   7531 |  13 |  837.2 |
       Dungeon |  10883 |   9725 |   1158 |      0 |   7531 |  12 |  906.9 |
        Temple |      1 |      1 |      0 |      0 |      0 |   1 |    1.0 |
               +--------+--------+--------+--------+--------+-----+--------+

Top non-repeatable levels by time:
     D:6: 1697 daAuts
     D:2: 1327 daAuts
     D:5: 1309 daAuts
     D:3: 1184 daAuts
     D:9: 1133 daAuts
     D:1: 879 daAuts
     D:4: 814 daAuts
     D:8: 675 daAuts
    D:11: 671 daAuts
     D:7: 539 daAuts
    D:10: 533 daAuts
    D:12: 116 daAuts
  Temple: 1 daAuts
